Map: Romanticide LE

Players

Reynor

  • Race: Zerg Zerg
  • Spawn Location: 11:00

Zest - Winner!

  • Race: Protoss Protoss
  • Spawn Location: 5:00

Event: IEM Katowice 2021

VOD

Have the link to the VOD?

Description

Time

  • Played on: Feb. 28, 2021, 1:02 p.m.
  • Length: 12:35

All games in this series

Show
View Real Time Build Order
Export as new Build Order

Reynor Zerg 

Build Orders: Hatch First, Lurkers 

Get SALT Encoding   

  12  0:00  Drone  
  13  0:12  Overlord  
  13  0:16  Drone  
  14  0:30  Drone x2  
  16  0:36  Drone  
  17  0:51  Hatchery  
  17  0:54  Drone  
  17  0:57  Drone  
  18  1:10  Extractor  
  17  1:12  Spawning Pool  
  17  1:16  Drone  
  17  1:19  Drone  
  18  1:28  Drone  
  19  1:39  Drone  
  20  1:48  Overlord  
  20  1:59  Queen  
  22  2:04  Zergling x4, Queen  
  26  2:11  Drone  
  26  2:14  Drone  
  28  2:21  Drone  
  29  2:25  Drone  
  30  2:31  Hatchery  
  30  2:32  Drone  
  30  2:35  Drone  
  31  2:40  Pneumatized Carapace  
  32  2:44  Drone  
  32  2:47  Overlord  
  32  2:53  Queen  
  32  2:57  Drone  
  35  2:58  Drone  
  36  3:06  Zergling x2  
  36  3:07  Drone x2  
  36  3:08  Drone  
  40  3:14  Overlord  
  40  3:16  Drone  
  40  3:18  Drone  
  42  3:23  Queen  
  44  3:27  Overlord  
  44  3:33  Drone  
  45  3:34  Queen  
  45  3:38  Overlord  
  47  3:42  Overlord  
  47  3:44  Drone  
  47  3:45  Drone  
  47  3:47  Drone  
  50  3:50  Drone x2  
  50  3:55  Queen  
  52  3:57  Drone  
  57  4:02  Drone x2  
  57  4:03  Overlord  
  57  4:06  Zergling x4  
  57  4:08  Zergling x2  
  60  4:11  Drone  
  61  4:17  Drone x4, Spore Crawler  
  61  4:18  Drone  
  63  4:25  Drone x2  
  63  4:28  Drone  
  66  4:37  Overlord, Drone x2  
  70  4:40  Lair  
  70  4:44  Drone x4  
  74  4:46  Overlord  
  74  4:51  Evolution Chamber  
  73  4:53  Drone  
  73  4:56  Drone x2  
  73  4:57  Drone  
  73  4:59  Drone x2  
  74  5:02  Overlord, Spore Crawler  
  74  5:03  Drone  
  74  5:04  Drone  
  74  5:06  Drone  
  74  5:07  Extractor  
  75  5:08  Extractor x2  
  75  5:10  Drone x2  
  75  5:11  Drone  
  75  5:12  Queen  
  75  5:13  Drone  
  79  5:16  Zerg Missile Weapons Level 1  
  79  5:20  Queen  
  79  5:21  Drone  
  82  5:22  Drone x2  
  82  5:24  Drone x2  
  82  5:25  Drone  
  82  5:27  Drone  
  88  5:30  Overlord  
  88  5:31  Drone x2  
  90  5:37  Extractor  
  90  5:38  Extractor  
  90  5:39  Overseer  
  90  5:40  Overlord, Roach Warren  
  87  5:43  Drone x2  
  87  5:48  Queen  
  87  5:49  Queen  
  94  5:50  Drone x2  
  94  5:53  Spore Crawler  
  94  5:54  Drone  
  95  6:01  Metabolic Boost  
  95  6:07  Queen  
  95  6:10  Overlord  
  97  6:17  Hatchery  
  96  6:23  Drone x7  
  96  6:24  Overlord, Queen  
  105  6:26  Drone  
  105  6:28  Glial Reconstitution  
  105  6:30  Infestation Pit  
  105  6:31  Overlord  
  105  6:34  Overlord  
  105  6:36  Drone  
  105  6:37  Overseer  
  106  6:47  Drone  
  107  6:48  Overlord  
  107  6:50  Drone x5  
  107  6:51  Roach x4  
  107  6:52  Roach  
  122  6:57  Drone  
  122  6:58  Roach x2, Spore Crawler  
  122  6:59  Roach  
  122  7:01  Overlord  
  128  7:06  Roach  
  128  7:07  Roach  
  132  7:09  Roach x3  
  132  7:10  Overlord  
  132  7:15  Overlord x2  
  138  7:18  Overlord  
  138  7:19  Roach  
  138  7:20  Roach  
  142  7:26  Zerg Missile Weapons Level 2  
  142  7:27  Drone x4  
  142  7:29  Hive  
  146  7:33  Extractor  
  146  7:34  Hydralisk Den  
  146  7:35  Extractor  
  146  7:36  Roach x2  
  147  7:37  Drone  
  147  7:38  Drone  
  147  7:39  Drone  
  147  7:43  Drone x3  
  152  7:51  Drone x3  
  152  7:55  Overlord  
  155  8:06  Roach x3, Lurker Den  
  155  8:08  Hydralisk x6  
  155  8:12  Overlord  
  172  8:14  Roach x4  
  172  8:16  Overlord  
  179  8:24  Hydralisk x3  
  179  8:25  Hydralisk x2  
  188  8:28  Overlord  
  185  8:34  Hydralisk x2  
  185  8:36  Overlord  
  185  8:38  Queen  
  191  8:55  Spine Crawler x2  
  191  8:57  Spine Crawler  
  188  9:03  Lurker x9  
  188  9:04  Lurker x3  
  188  9:05  Seismic Spines  
  200  9:12  Spine Crawler  
  200  9:13  Spine Crawler  
  200  9:14  Spine Crawler x2, Lurker  
  200  9:15  Spine Crawler  
  195  9:20  Hatchery  
  194  9:25  Drone x2  
  194  9:26  Spine Crawler x2  
  194  9:27  Spine Crawler  
  194  9:28  Muscular Augments  
  194  9:29  Hydralisk x3  
  199  9:44  Zerg Missile Weapons Level 3  
  199  9:57  Hydralisk  
  199  10:02  Overseer x2, Adaptive Talons  
  199  10:07  Lurker  
  200  10:16  Queen x2  
  200  10:17  Queen  
  200  10:20  Hydralisk  
  200  10:38  Hydralisk x3  
  198  10:45  Hydralisk x2  
  200  10:53  Spire  
  195  10:59  Hydralisk  
  195  11:00  Hydralisk x6  
  185  11:11  Hydralisk x15  
  170  11:15  Grooved Spines  
  170  11:16  Roach x7  
  170  11:17  Hydralisk x2, Roach x3  
  170  11:18  Zergling x14  
  198  11:19  Zergling x2  
  198  11:25  Hydralisk x3  
  185  11:28  Hydralisk, Zergling x2  
  185  11:29  Zergling x12  
  185  11:31  Hydralisk x2  
  184  11:37  Hydralisk x3  
  190  11:41  Hydralisk  
  190  11:42  Hydralisk  
  190  11:44  Hydralisk  
  196  11:47  Hydralisk  
  187  12:07  Hydralisk x9  
  191  12:11  Hydralisk  
  191  12:12  Zergling x4  
Show
View Real Time Build Order
Export as new Build Order

Zest Protoss - Winner!

Build Orders: 1 Gate Expand, Oracle Opening, Archon Immortal, Carriers 

Get SALT Encoding   

  12  0:00  Probe  
  13  0:12  Probe  
  14  0:19  Pylon  
  14  0:24  Probe  
  15  0:37  Probe (Chrono Boost)  
  15  0:40  Gateway  
  16  0:48  Probe (Chrono Boost)  
  17  0:50  Assimilator  
  17  0:53  Probe (Chrono Boost)  
  18  1:04  Probe  
  19  1:16  Probe  
  20  1:26  Nexus  
  20  1:36  Cybernetics Core  
  20  1:40  Probe  
  20  1:45  Assimilator  
  21  1:52  Probe  
  22  1:55  Pylon  
  22  2:04  Probe (Chrono Boost)  
  23  2:14  Adept  
  26  2:15  Probe (Chrono Boost)  
  26  2:18  Stargate  
  26  2:20  Probe (Chrono Boost)  
  27  2:25  Warp Gate  
  27  2:33  Probe (Chrono Boost)  
  28  2:38  Probe (Chrono Boost)  
  28  2:44  Adept  
  32  2:47  Probe (Chrono Boost)  
  32  2:48  Probe (Chrono Boost)  
  33  2:52  Probe (Chrono Boost)  
  33  2:53  Void Ray (Chrono Boost)  
  33  2:55  Probe  
  35  3:04  Probe  
  40  3:07  Probe  
  40  3:11  Pylon  
  41  3:17  Gateway, Probe  
  43  3:20  Probe  
  43  3:26  Oracle (Chrono Boost)  
  43  3:30  Probe  
  43  3:32  Probe  
  48  3:42  Probe  
  48  3:45  Probe (Chrono Boost)  
  50  3:49  Nexus  
  50  3:52  Pylon  
  50  3:54  Probe (Chrono Boost)  
  51  3:59  Assimilator  
  52  4:02  Assimilator  
  52  4:03  Probe (Chrono Boost)  
  52  4:04  Probe (Chrono Boost)  
  52  4:09  Probe  
  54  4:10  Stargate  
  54  4:11  Probe  
  55  4:17  Void Ray  
  55  4:21  Probe  
  55  4:23  Probe  
  61  4:25  Pylon  
  61  4:33  Probe  
  62  4:43  Probe  
  62  4:44  Twilight Council  
  62  4:45  Forge, Probe  
  64  4:51  Void Ray  
  64  4:56  Probe (Chrono Boost)  
  64  4:58  Void Ray, Probe (Chrono Boost)  
  70  5:00  Probe (Chrono Boost)  
  77  5:07  Probe (Chrono Boost)  
  77  5:09  Probe (Chrono Boost)  
  77  5:10  Probe (Chrono Boost)  
  77  5:11  Pylon  
  77  5:12  Probe (Chrono Boost)  
  77  5:13  Probe (Chrono Boost)  
  79  5:15  Probe (Chrono Boost)  
  79  5:19  Pylon  
  79  5:20  Protoss Ground Weapons Level 1, Charge  
  81  5:22  Probe  
  81  5:23  Probe  
  81  5:24  Assimilator  
  81  5:26  Assimilator  
  81  5:27  Probe  
  84  5:34  Probe  
  85  5:36  Robotics Facility  
  85  5:38  Pylon, Probe  
  85  5:41  Shield Battery  
  85  5:42  Probe  
  87  5:46  Probe  
  88  5:50  Probe  
  88  5:55  Gateway  
  88  5:56  Gateway  
  89  5:58  Gateway  
  89  5:59  Templar Archives  
  89  6:05  Probe  
  89  6:06  Probe x2  
  92  6:12  Gateway  
  92  6:13  Gateway  
  92  6:15  Pylon  
  92  6:16  Pylon  
  92  6:19  Nexus  
  92  6:25  Observer (Chrono Boost)  
  93  6:30  Photon Cannon  
  93  6:34  Gateway  
  93  6:35  Gateway  
  93  6:38  Psionic Storm  
  93  6:39  Pylon, High Templar x2  
  97  6:41  Immortal  
  97  6:43  Archon  
  101  6:50  Pylon  
  101  6:52  Shield Battery, High Templar x2  
  101  6:53  Zealot, Photon Cannon  
  107  6:56  Archon  
  107  7:01  Probe x2  
  107  7:02  Pylon, Probe  
  110  7:17  Immortal (Chrono Boost)  
  110  7:22  Photon Cannon  
  114  7:24  Photon Cannon  
  114  7:25  High Templar x3  
  120  7:36  Gateway  
  120  7:37  Pylon  
  120  7:39  Probe x4  
  120  7:41  Assimilator  
  124  7:44  Assimilator  
  124  7:45  Protoss Ground Weapons Level 2 (Chrono Boost)  
  124  7:48  Fleet Beacon  
  124  7:51  Probe x3  
  124  7:52  Immortal (Chrono Boost), Probe  
  132  8:03  Probe  
  133  8:05  Probe  
  133  8:06  Probe  
  133  8:07  Shield Battery, Photon Cannon  
  135  8:19  Pylon  
  135  8:21  Immortal (Chrono Boost)  
  135  8:25  Zealot x8  
  155  8:30  Carrier x2 (Chrono Boost)  
  167  8:43  Protoss Air Weapons Level 1  
  167  8:45  Pylon  
  167  8:46  Pylon  
  167  8:47  Pylon  
  167  8:51  Photon Cannon, High Templar  
  167  8:52  High Templar x2  
  167  8:53  Shield Battery  
  173  9:05  Pylon  
  173  9:10  Nexus  
  173  9:12  Pylon  
  173  9:15  Immortal (Chrono Boost)  
  173  9:16  Zealot  
  191  9:32  Carrier (Chrono Boost)  
  191  9:33  Photon Cannon  
  191  9:35  Photon Cannon  
  191  9:36  Photon Cannon  
  191  9:38  Carrier (Chrono Boost), Shield Battery  
  191  9:45  Zealot x4  
  199  9:56  Stargate  
  179  10:16  Carrier (Chrono Boost)  
  176  10:23  Carrier  
  176  10:24  Immortal (Chrono Boost)  
  183  10:36  Zealot x9  
  184  11:06  Zealot x7  
  184  11:07  Zealot x3  
  198  11:13  Carrier x2  
  182  11:24  Assimilator  
  176  11:28  Carrier  
  176  11:32  Observer  
  169  11:34  High Templar x4  
  169  11:39  Zealot x4  
  185  11:41  Archon  
  185  11:42  Archon  
  185  11:43  Nexus  
  181  12:11  Zealot x8  
  197  12:17  Archon  
  197  12:18  Zealot  
  196  12:26  Zealot  

Tags
 
Add a new tag
Caveats
  • Supply blocks, unpowered buildings, or Contaminate may cause inaccurate times.
  • Supply counts are checked every 10 seconds.